[Event "German Masters Women 2018"]
[Site "Dresden"]
[Date "2018.08.08"]
[Round "5.1"]
[White "Klek, Hanna Marie"]
[Black "Kachiani-Gersinska, Ketino"]
[Result "1/2-1/2"]
[ECO "C50"]
[WhiteElo "2268"]
[BlackElo "2347"]
[Annotator "NA"]
[PlyCount "129"]
[EventDate "2018.08.04"]
[EventType "tourn"]
[EventCountry "GER"]
[SourceTitle "playchess.com"]
[Source "ChessBase"]
[SourceQuality "1"]
[TimeControl "40/5400+30:1800+30"]

1. e4 e5 2. Nf3 Nc6 3. Bc4 Bc5 4. O-O Nf6 5. d3 a6 6. a4 O-O 7. c3 Ba7 8. h3 h6 9. Re1 d6 10. Na3 Be6 11. Be3 Bxc4 12. Nxc4 b5 13. Na3 Bxe3 14. Rxe3 Rb8 15. b4 Ne7 16. axb5 axb5 17. d4 Ng6 18. Nc2 Ra8 19. Nd2 Re8 20. Re1 Rxa1 21. Qxa1 Nf4 22. Qa6 Qa8 23. Ra1 Qxa6 24. Rxa6 Ne2+ 25. Kf1 Nxc3 26. f3 d5 27. Rc6 Na4 28. Rxc7 dxe4 29. fxe4 exd4 30. Nxd4 Nxe4 31. Nxe4 Rxe4 32. Nxb5 Rxb4 33. Nd6 Rf4+ 34. Ke2 Nb6 35. Rc5 Nd7 36. Rc8+ Nf8 37. Ke3 Rf6 38. Ne4 Re6 39. Kf3 g6 40. Rd8 Kg7 41. Nd6 f5 42. g4 fxg4+ 43. hxg4 Rf6+ 44. Kg3 Rf1 45. Re8 Rg1+ 46. Kh3 Rd1 47. Re7+ Kf6 48. Rf7+ Ke6 49. Rxf8 Rxd6 50. Rh8 Ke5 51. Rxh6 Kf4 52. Rh8 Rd3+ 53. Kg2 Rd2+ 54. Kf1 Kxg4 55. Ra8 Kh3 56. Rg8 Rd6 57. Kf2 Kg4 58. Kg2 g5 59. Ra8 Rd2+ 60. Kg1 Kh4 61. Ra3 g4 62. Rb3 g3 63. Rb8 Rd1+ 64. Kg2 Rd2+ 65. Kg1 1/2-1/2

[Event "German Masters Women 2018"]
[Site "Dresden"]
[Date "2018.08.08"]
[Round "5.2"]
[White "Lubbe, Melanie"]
[Black "Hoolt, Sarah"]
[Result "1-0"]
[ECO "B36"]
[WhiteElo "2338"]
[BlackElo "2357"]
[Annotator "NA"]
[PlyCount "101"]
[EventDate "2018.08.04"]
[EventType "tourn"]
[EventCountry "GER"]
[SourceTitle "playchess.com"]
[Source "ChessBase"]
[SourceQuality "1"]
[TimeControl "40/5400+30:1800+30"]

1. e4 c5 2. Nf3 Nc6 3. d4 cxd4 4. Nxd4 g6 5. c4 Nf6 6. Nc3 d6 7. Be2 Nxd4 8. Qxd4 Bg7 9. O-O O-O 10. Qd1 Be6 11. Be3 Qa5 12. Rc1 Rfc8 13. b3 a6 14. Na4 Nxe4 15. Nb6 Qxa2 16. Bf3 Nc3 17. Qd2 Qxb3 18. Bd4 Bxd4 19. Qxd4 Nb5 20. cxb5 Rxc1 21. Rxc1 Rb8 22. h4 axb5 23. Rc7 Re8 24. Rxb7 Qc2 25. Nd5 Bxd5 26. Bxd5 Qb1+ 27. Kh2 Qf5 28. Bc6 e5 29. Qe3 Rd8 30. Bd5 Rd7 31. Rxb5 Kg7 32. g3 Qf6 33. Rb8 Rc7 34. Kg2 h5 35. Qb6 Rc2 36. Rb7 Rd2 37. Rxf7+ Qxf7 38. Bxf7 Kxf7 39. Qc7+ Kf6 40. Qd8+ Kf7 41. Kf3 Rd4 42. Ke3 Rd1 43. f3 Rd4 44. g4 hxg4 45. fxg4 d5 46. Qd7+ Kf8 47. h5 gxh5 48. gxh5 Re4+ 49. Kd3 Rd4+ 50. Kc3 Rd1 51. Qf5+ 1-0

[Event "German Masters Women 2018"]
[Site "Dresden"]
[Date "2018.08.08"]
[Round "5.3"]
[White "Heinemann, Josefine"]
[Black "Schleining, Zoya"]
[Result "1-0"]
[ECO "B22"]
[WhiteElo "2261"]
[BlackElo "2397"]
[Annotator "NA"]
[PlyCount "79"]
[EventDate "2018.08.04"]
[EventType "tourn"]
[EventCountry "GER"]
[SourceTitle "playchess.com"]
[Source "ChessBase"]
[SourceQuality "1"]
[TimeControl "40/5400+30:1800+30"]

1. e4 c5 2. Nf3 a6 3. c3 e6 4. d4 d5 5. exd5 exd5 6. Bd3 c4 7. Bc2 Bd6 8. O-O Bg4 9. h3 Bh5 10. b3 cxb3 11. axb3 Ne7 12. Re1 Nbc6 13. Nbd2 Rc8 14. Bd3 Bg6 15. Nf1 O-O 16. Ne3 Qd7 17. Bxg6 hxg6 18. Qd3 Rfe8 19. Bb2 Bb8 20. c4 Rcd8 21. Rad1 Nb4 22. Qd2 a5 23. Bc3 Nec6 24. cxd5 Nxd5 25. Bxa5 Nxa5 26. Qxa5 Nxe3 27. Rxe3 Rxe3 28. fxe3 Re8 29. Qc3 Qe6 30. Kf2 Qd6 31. Re1 Qg3+ 32. Kf1 g5 33. Qc4 Re6 34. Qc8+ Kh7 35. Qxb7 Rf6 36. Re2 Kh6 37. Rc2 Qh2 38. Qd5 Bg3 39. Qxg5+ Kh7 40. Qh5+ 1-0

[Event "German Masters Women 2018"]
[Site "Dresden"]
[Date "2018.08.08"]
[Round "5.4"]
[White "Osmanodja, Filiz"]
[Black "Fuchs, Judith"]
[Result "1-0"]
[ECO "B83"]
[WhiteElo "2350"]
[BlackElo "2276"]
[Annotator "NA"]
[PlyCount "101"]
[EventDate "2018.08.04"]
[EventType "tourn"]
[EventCountry "GER"]
[SourceTitle "playchess.com"]
[Source "ChessBase"]
[SourceQuality "1"]
[TimeControl "40/5400+30:1800+30"]

1. e4 c5 2. Nf3 d6 3. d4 cxd4 4. Nxd4 Nf6 5. Nc3 e6 6. Be2 Be7 7. O-O Nc6 8. Be3 O-O 9. Kh1 e5 10. Nb3 Be6 11. Bf3 a5 12. Nd5 a4 13. Nc1 Bxd5 14. exd5 Na5 15. Qd3 Qc7 16. b3 Rfe8 17. Be2 Rec8 18. c4 b6 19. Rb1 axb3 20. axb3 Nd7 21. Bg4 Rd8 22. Ne2 Nf6 23. Bh3 e4 24. Qd4 Qc5 25. Qd2 Qc7 26. Nc3 Rdb8 27. Nb5 Qd8 28. Qd4 Ra6 29. Nc3 Nb7 30. b4 Rba8 31. Rfc1 Nd7 32. Nxe4 Ne5 33. f4 Ng6 34. g3 Qe8 35. Re1 Bd8 36. Bd2 Qf8 37. Bc3 f5 38. Bxf5 Ra3 39. Be6+ Kh8 40. Ra1 Ra2 41. Rxa2 Rxa2 42. Ra1 Rxa1+ 43. Bxa1 Bc7 44. Ng5 h6 45. Qe4 Qa8 46. Bd4 Qe8 47. Nf7+ Kh7 48. h4 Qa4 49. Bf5 Qd1+ 50. Kg2 Qh5 51. g4 1-0

[Event "German Masters Women 2018"]
[Site "Dresden"]
[Date "2018.08.08"]
[Round "5.5"]
[White "Schneider, Jana"]
[Black "Sieber, Fiona"]
[Result "0-1"]
[ECO "B51"]
[WhiteElo "2179"]
[BlackElo "2290"]
[Annotator "NA"]
[PlyCount "94"]
[EventDate "2018.08.04"]
[EventType "tourn"]
[EventCountry "GER"]
[SourceTitle "playchess.com"]
[Source "ChessBase"]
[SourceQuality "1"]
[TimeControl "40/5400+30:1800+30"]

1. e4 c5 2. Nf3 d6 3. Bb5+ Nd7 4. O-O a6 5. Bxd7+ Bxd7 6. d4 cxd4 7. Qxd4 e5 8. Qd3 Rc8 9. Nc3 h6 10. Be3 Nf6 11. a4 Be6 12. Rfd1 Qc7 13. a5 Bc4 14. Qd2 Qc6 15. Ra4 Be7 16. Rb4 O-O 17. Rb6 Qc7 18. Nh4 Be6 19. Nf5 Bxf5 20. exf5 d5 21. Bxh6 d4 22. Qg5 Ne8 23. f6 Bxf6 24. Rxf6 dxc3 25. b3 Rd8 26. Re1 Qe7 27. Rb6 f6 28. Qg4 Nd6 29. h4 Nb5 30. Re3 Rd4 31. Qg6 Qf7 32. Rg3 Qxg6 33. Rxg6 Rf7 34. h5 Kh7 35. Be3 Rd1+ 36. Kh2 Ra1 37. Rg4 Ra2 38. h6 g5 39. Rc4 Rxc2 40. Rc8 Rb2 41. Rb8 Kxh6 42. R8xb7 Rxb7 43. Rxb7 Rxb3 44. Rb6 c2 45. Rxf6+ Kg7 46. Rc6 Rc3 47. Rxa6 Rxe3 {[%emt 0:22:50] axe6} 0-1

[Event "German Masters Women 2018"]
[Site "Dresden"]
[Date "2018.08.09"]
[Round "6.1"]
[White "Kachiani-Gersinska, Ketino"]
[Black "Sieber, Fiona"]
[Result "1/2-1/2"]
[ECO "A16"]
[WhiteElo "2347"]
[BlackElo "2290"]
[Annotator "NA"]
[PlyCount "76"]
[EventDate "2018.08.04"]
[EventType "tourn"]
[EventCountry "GER"]
[SourceTitle "playchess.com"]
[Source "ChessBase"]
[SourceQuality "1"]
[TimeControl "40/5400+30:1800+30"]

1. Nf3 Nf6 2. c4 g6 3. Nc3 d5 4. cxd5 Nxd5 5. h4 Bg7 6. e4 Nxc3 7. dxc3 Qxd1+ 8. Kxd1 O-O 9. Bc4 Bg4 10. Kc2 Nd7 11. Nh2 Ne5 12. Nxg4 Nxc4 13. h5 Rad8 $14 14. Nh6+ Kh8 15. f3 Rd7 16. hxg6 fxg6 17. b3 Ne5 18. Be3 Rfd8 19. Rad1 Rxd1 20. Rxd1 Rxd1 21. Kxd1 b5 22. Kc2 a6 23. Bf4 Nd7 24. b4 Bxh6 25. Bxh6 Kg8 26. Kd3 Kf7 27. Kd4 c6 28. c4 e5+ 29. Kc3 Nb6 30. cxb5 cxb5 31. Kd3 Kf6 32. Kc3 Nc4 33. a4 Nb6 34. axb5 axb5 35. Kd3 Nc4 36. Ke2 Na3 37. Kd3 Nc4 38. Ke2 Na3 1/2-1/2

[Event "German Masters Women 2018"]
[Site "Dresden"]
[Date "2018.08.09"]
[Round "6.2"]
[White "Fuchs, Judith"]
[Black "Schneider, Jana"]
[Result "1-0"]
[ECO "E01"]
[WhiteElo "2276"]
[BlackElo "2179"]
[Annotator "NA"]
[PlyCount "125"]
[EventDate "2018.08.04"]
[EventType "tourn"]
[EventCountry "GER"]
[SourceTitle "playchess.com"]
[Source "ChessBase"]
[SourceQuality "1"]
[TimeControl "40/5400+30:1800+30"]

1. Nf3 d5 2. d4 Nf6 3. c4 e6 4. g3 Bb4+ 5. Bd2 Bd6 6. Nc3 Nc6 7. Bg5 dxc4 8. e4 e5 9. dxe5 Nxe5 10. Nxe5 Bxe5 11. Qxd8+ Kxd8 12. f4 Bxc3+ 13. bxc3 Ke8 14. Bxf6 gxf6 15. Rb1 a6 16. Bxc4 b5 17. Bd5 Rb8 18. Kf2 Ke7 19. c4 b4 20. Rhe1 Be6 21. f5 Bxd5 22. cxd5 Kd6 23. Rec1 Rb6 24. Rc4 Rhb8 25. Rbc1 R8b7 26. Ke3 a5 27. Kd4 a4 28. Rb1 h5 29. h3 b3 30. a3 Ra7 31. Rb2 c6 32. Rc5 Raa6 33. g4 hxg4 34. hxg4 Rb5 35. Rc3 cxd5 36. Rc8 dxe4 37. Kxe4 Rc6 38. Rd2+ Ke7 39. Rxc6 b2 40. Rc7+ Kf8 41. Rxb2 Rxb2 42. Ra7 Rb3 43. Rxa4 Rb5 44. Rb4 Ra5 45. a4 Ke7 46. Rd4 Re5+ 47. Kd3 Rc5 48. Rb4 Kd6 49. Rb6+ Ke7 50. Rb7+ Kf8 51. Rb1 Kg7 52. Ra1 Ra5 53. Kc4 Kh6 54. Kb4 Ra8 55. a5 Kg5 56. a6 Kxg4 57. Ra5 Rb8+ 58. Rb5 Rd8 59. Rc5 Rd1 60. a7 Rb1+ 61. Ka5 Kg5 62. Ka6 Ra1+ 63. Ra5 1-0

[Event "German Masters Women 2018"]
[Site "Dresden"]
[Date "2018.08.09"]
[Round "6.3"]
[White "Schleining, Zoya"]
[Black "Osmanodja, Filiz"]
[Result "1-0"]
[ECO "B38"]
[WhiteElo "2397"]
[BlackElo "2350"]
[Annotator "NA"]
[PlyCount "81"]
[EventDate "2018.08.04"]
[EventType "tourn"]
[EventCountry "GER"]
[SourceTitle "playchess.com"]
[Source "ChessBase"]
[SourceQuality "1"]
[TimeControl "40/5400+30:1800+30"]

1. Nf3 c5 2. c4 Nc6 3. d4 cxd4 4. Nxd4 g6 5. e4 Bg7 6. Be3 Nf6 7. Nc3 d6 8. Be2 O-O 9. Qd2 Ng4 10. Bxg4 Bxg4 11. O-O Rc8 12. b3 a6 {[%emt 1:04:14] LiveBook: 7 Games} 13. Rac1 Bd7 14. Rfd1 $14 Re8 15. Nd5 Ne5 16. h3 Rb8 17. Bh6 Bh8 18. Bg5 f6 19. Be3 Nf7 20. Nf3 b6 21. Qb4 a5 22. Qd2 e6 23. Nc3 Bg7 24. Nd4 Bf8 25. Ndb5 Bc6 26. f3 Rb7 27. Qf2 Qb8 28. Kh1 Be7 29. Rc2 Bd8 30. Bf4 Rd7 31. Rcd2 Bc7 32. Na4 Bxb5 33. cxb5 Bd8 34. Rc2 Rc7 35. Rdc1 Ne5 36. Rxc7 Bxc7 37. Qc2 Re7 38. Be3 Kf7 39. f4 d5 40. fxe5 fxe5 41. Bg5 1-0

[Event "German Masters Women 2018"]
[Site "Dresden"]
[Date "2018.08.09"]
[Round "6.4"]
[White "Hoolt, Sarah"]
[Black "Heinemann, Josefine"]
[Result "0-1"]
[ECO "A36"]
[WhiteElo "2357"]
[BlackElo "2261"]
[Annotator "NA"]
[PlyCount "142"]
[EventDate "2018.08.04"]
[EventType "tourn"]
[EventCountry "GER"]
[SourceTitle "playchess.com"]
[Source "ChessBase"]
[SourceQuality "1"]
[TimeControl "40/5400+30:1800+30"]

1. c4 c5 2. g3 Nc6 3. Bg2 g6 4. Nc3 Bg7 5. a3 Nf6 6. Rb1 a5 7. e4 d6 8. Nge2 O-O 9. O-O Ne8 10. Nb5 Nc7 11. Nec3 Nxb5 12. Nxb5 Be6 13. d3 Qd7 14. Bd2 Nd4 15. Nxd4 Bxd4 16. Bc3 b5 $11 17. Bxd4 cxd4 18. f4 Rab8 19. Rf2 f6 20. b4 axb4 21. axb4 bxc4 22. dxc4 Rfc8 23. Bf1 Bxc4 24. Qxd4 Bxf1 25. Rfxf1 Qb5 26. e5 dxe5 27. fxe5 Qxe5 28. Qxe5 fxe5 29. Rfe1 Rb5 30. Re4 Kf7 31. Rb2 Ke6 32. Kf2 Kf5 33. Kf3 Rc3+ 34. Re3 e4+ 35. Ke2 Rc4 36. Reb3 h5 37. h3 e5 38. Ke3 Ke6 39. g4 hxg4 40. hxg4 Kf6 41. Rf2+ Kg5 42. Rg2 Rcxb4 43. Rxb4 Rxb4 44. Rg1 Ra4 45. Rg2 Kh4 46. g5 Kh3 47. Rg1 Rb4 48. Rh1+ Kg4 49. Rg1+ Kf5 50. Rf1+ Kxg5 51. Rg1+ Kf5 52. Rf1+ Ke6 53. Rg1 Rb3+ 54. Kxe4 Rb4+ 55. Ke3 Kf5 56. Rf1+ Rf4 57. Ra1 g5 58. Ra8 g4 59. Rf8+ Kg5 60. Re8 g3 61. Rxe5+ Kg4 62. Re8 Rf7 63. Ke2 g2 64. Rg8+ Kh3 65. Rh8+ Kg3 66. Rg8+ Kh2 67. Rh8+ Kg1 68. Ra8 Rh7 69. Rg8 Kh2 70. Kf2 g1=Q+ 71. Rxg1 Rf7+ 0-1

[Event "German Masters Women 2018"]
[Site "Dresden"]
[Date "2018.08.09"]
[Round "6.5"]
[White "Klek, Hanna Marie"]
[Black "Lubbe, Melanie"]
[Result "1/2-1/2"]
[ECO "B68"]
[WhiteElo "2268"]
[BlackElo "2338"]
[Annotator "NA"]
[PlyCount "114"]
[EventDate "2018.08.04"]
[EventType "tourn"]
[EventCountry "GER"]
[SourceTitle "playchess.com"]
[Source "ChessBase"]
[SourceQuality "1"]
[TimeControl "40/5400+30:1800+30"]

1. e4 c5 2. Nf3 d6 3. d4 cxd4 4. Nxd4 Nf6 5. Nc3 Nc6 6. Bg5 e6 7. Qd2 a6 8. O-O-O Bd7 9. f4 Be7 10. Nf3 b5 11. a3 h6 12. Bh4 Qc7 13. e5 dxe5 14. fxe5 Ng4 15. Bxe7 Kxe7 16. Bxb5 Ngxe5 $14 17. Nxe5 Nxe5 18. Bxd7 Nxd7 19. Qd4 Rab8 20. Qxg7 Qf4+ 21. Kb1 Rbg8 22. g3 Rxg7 23. gxf4 Rg2 24. Rd4 Nf6 25. Ra4 Ra8 26. h3 Rf2 27. Re1 Rf3 28. h4 Rb8 29. Rc4 Rb7 30. b3 Ng4 31. Nd5+ Kd6 32. Nb4 a5 33. Nc6 Ne3 34. Rc3 Rc7 35. Rcxe3 Rxe3 36. Rxe3 Rxc6 37. Re5 a4 38. Kb2 f5 39. Ra5 axb3 40. cxb3 Rc7 41. Ra4 Rg7 42. Rc4 e5 43. a4 exf4 44. Rxf4 Ke5 45. Rf1 Rg4 46. a5 Rxh4 47. Kc3 f4 48. a6 Rg4 49. b4 Kd6 50. Rh1 Rg6 51. a7 Rg8 52. Rxh6+ Kc7 53. b5 Kb7 54. b6 f3 55. Kd2 Re8 56. Rf6 f2 57. Rxf2 Kxb6 1/2-1/2

[Event "German Masters Women 2018"]
[Site "Dresden"]
[Date "2018.08.10"]
[Round "7.1"]
[White "Lubbe, Melanie"]
[Black "Kachiani-Gersinska, Ketino"]
[Result "1-0"]
[ECO "C30"]
[WhiteElo "2338"]
[BlackElo "2347"]
[Annotator "NA"]
[PlyCount "54"]
[EventDate "2018.08.04"]
[EventType "tourn"]
[EventCountry "GER"]
[SourceTitle "playchess.com"]
[Source "ChessBase"]
[SourceQuality "1"]
[TimeControl "40/5400+30:1800+30"]

1. e4 e5 2. Bc4 Nc6 3. d3 Nf6 4. Nc3 Bc5 5. f4 d6 6. Nf3 Bg4 7. Na4 Bxf3 8. Qxf3 Nd4 9. Qd1 Bb6 10. Nxb6 axb6 11. c3 b5 12. Bxf7+ Kxf7 13. cxd4 exd4 14. Qb3+ d5 15. e5 Ng4 16. Qxb5 Ra6 17. Qc5 Rh6 18. Qxd4 Nxh2 19. Rg1 Re8 20. Bd2 b6 21. O-O-O c5 22. Qf2 d4 23. f5 Ng4 24. Qg3 Rh4 25. f6 Qd5 26. Qxh4 Qd8 27. Z0 {Ke8 ---} Nf2 1-0

[Event "German Masters Women 2018"]
[Site "Dresden"]
[Date "2018.08.10"]
[Round "7.2"]
[White "Heinemann, Josefine"]
[Black "Klek, Hanna Marie"]
[Result "1/2-1/2"]
[ECO "E05"]
[WhiteElo "2261"]
[BlackElo "2268"]
[Annotator "NA"]
[PlyCount "82"]
[EventDate "2018.08.04"]
[EventType "tourn"]
[EventCountry "GER"]
[SourceTitle "playchess.com"]
[Source "ChessBase"]
[SourceQuality "1"]
[TimeControl "40/5400+30:1800+30"]

1. d4 d5 2. c4 e6 3. Nf3 Nf6 4. g3 Be7 5. Bg2 O-O 6. O-O dxc4 7. Ne5 Nc6 8. Bxc6 bxc6 9. Nxc6 Qe8 10. Nxe7+ Qxe7 11. Na3 Rd8 12. Qc2 Rxd4 13. Nxc4 Bb7 14. Be3 Rd5 15. f3 e5 16. Nd2 e4 17. Nxe4 Nxe4 18. Qxe4 Qxe4 19. fxe4 Rb5 20. b3 Bxe4 21. Rac1 c6 22. Rc5 a6 23. Rd1 Bd5 24. Rd3 h6 25. h4 Re8 26. Rxb5 axb5 27. a4 bxa4 28. bxa4 Bc4 29. Rc3 Bxe2 30. Kf2 Bd1 31. a5 Ra8 32. Bb6 Ba4 33. Rd3 Bb5 34. Rd8+ Rxd8 35. Bxd8 Kf8 36. Bb6 h5 37. Ke3 Ke7 38. Kd4 Kd7 39. Bc5 Kc7 40. Bf8 g6 41. Kc5 Kb7 1/2-1/2

[Event "German Masters Women 2018"]
[Site "Dresden"]
[Date "2018.08.10"]
[Round "7.3"]
[White "Osmanodja, Filiz"]
[Black "Hoolt, Sarah"]
[Result "1-0"]
[ECO "C42"]
[WhiteElo "2350"]
[BlackElo "2357"]
[Annotator "NA"]
[PlyCount "59"]
[EventDate "2018.08.04"]
[EventType "tourn"]
[EventCountry "GER"]
[SourceTitle "playchess.com"]
[Source "ChessBase"]
[SourceQuality "1"]
[TimeControl "40/5400+30:1800+30"]

1. e4 e5 2. Nf3 Nf6 3. Nxe5 d6 4. Nf3 Nxe4 5. c4 Be7 6. d4 c6 7. Bd3 d5 8. O-O Nd7 9. Re1 f5 10. cxd5 cxd5 11. Qb3 Ndf6 12. Bb5+ Kf8 13. Nc3 Qd6 14. a3 Be6 15. Na4 Ng4 16. Re2 Rd8 17. g3 g5 18. Nc5 Bc8 19. Nxe4 fxe4 20. Nxg5 a6 21. f3 Nh6 22. fxe4 axb5 23. Bf4 Qg6 24. Rf1 Kg8 25. h4 Be6 26. h5 Qxg5 27. Bxg5 Bxg5 28. exd5 Bxd5 29. Re5 Bxb3 30. Rxg5# 1-0

[Event "German Masters Women 2018"]
[Site "Dresden"]
[Date "2018.08.10"]
[Round "7.4"]
[White "Schneider, Jana"]
[Black "Schleining, Zoya"]
[Result "1/2-1/2"]
[ECO "B38"]
[WhiteElo "2179"]
[BlackElo "2397"]
[Annotator "NA"]
[PlyCount "90"]
[EventDate "2018.08.04"]
[EventType "tourn"]
[EventCountry "GER"]
[SourceTitle "playchess.com"]
[Source "ChessBase"]
[SourceQuality "1"]
[TimeControl "40/5400+30:1800+30"]

1. e4 c5 2. Nf3 Nc6 3. d4 cxd4 4. Nxd4 g6 5. c4 Bg7 6. Be3 Nf6 7. Nc3 d6 8. Be2 O-O 9. O-O Bd7 10. Nc2 a6 11. f3 Qa5 12. Qd2 Rfc8 13. Rac1 Ne5 14. c5 Bb5 15. Nxb5 Qxd2 16. Bxd2 axb5 17. cxd6 exd6 18. Na3 Nc6 19. Bxb5 d5 20. Rfe1 dxe4 21. fxe4 Ng4 22. Bc3 Bh6 23. Rcd1 Be3+ 24. Rxe3 Nxe3 25. Rd7 Ne5 26. Bxe5 Rc1+ 27. Kf2 Ng4+ 28. Ke2 Nxe5 29. Rxb7 Kg7 30. h3 h5 31. Ke3 Kf6 32. Rb6+ Kg5 33. Kd4 Rd8+ 34. Ke3 h4 35. Be2 f6 36. Nb5 Rc2 37. Nd6 Rc1 38. a4 Ra1 39. b3 Ra2 40. Bf1 Rd7 41. Nb5 Ra1 42. Be2 Rg1 43. Kf2 Ra1 44. Ke3 Rg1 45. Kf2 Ra1 1/2-1/2

[Event "German Masters Women 2018"]
[Site "Dresden"]
[Date "2018.08.10"]
[Round "7.5"]
[White "Sieber, Fiona"]
[Black "Fuchs, Judith"]
[Result "1/2-1/2"]
[ECO "B80"]
[WhiteElo "2290"]
[BlackElo "2276"]
[Annotator "NA"]
[PlyCount "68"]
[EventDate "2018.08.04"]
[EventType "tourn"]
[EventCountry "GER"]
[SourceTitle "playchess.com"]
[Source "ChessBase"]
[SourceQuality "1"]
[TimeControl "40/5400+30:1800+30"]

1. e4 c5 2. Nf3 d6 3. d4 cxd4 4. Nxd4 Nf6 5. Nc3 a6 6. Be3 e6 7. f3 b5 8. Qd2 Nbd7 9. g4 b4 10. Nce2 h6 11. O-O-O Qc7 12. h4 d5 13. g5 hxg5 14. exd5 Nxd5 15. Bxg5 e5 16. Nf4 Nxf4 17. Bxf4 exf4 18. Re1+ Kd8 19. Bh3 Bc5 20. Rd1 Qd6 21. Qe2 Bxd4 22. Qe4 Be3+ 23. Kb1 Qb8 24. Bxd7 Bxd7 25. Rxd7+ Kxd7 26. Rd1+ Qd6 27. Qb7+ Ke6 28. Rxd6+ Kxd6 29. Qxb4+ Ke6 30. Qe4+ Kf6 31. Qc6+ Ke7 32. Qb7+ Ke6 33. Qe4+ Kd7 34. Qb7+ Ke6 1/2-1/2

[Event "German Masters Women 2018"]
[Site "Dresden"]
[Date "2018.08.11"]
[Round "8.1"]
[White "Kachiani-Gersinska, Ketino"]
[Black "Fuchs, Judith"]
[Result "1/2-1/2"]
[ECO "A05"]
[WhiteElo "2347"]
[BlackElo "2276"]
[Annotator "NA"]
[PlyCount "92"]
[EventDate "2018.08.04"]
[EventType "tourn"]
[EventCountry "GER"]
[SourceTitle "playchess.com"]
[Source "ChessBase"]
[SourceQuality "1"]
[TimeControl "40/5400+30:1800+30"]

1. Nf3 Nf6 2. g3 b5 3. Bg2 Bb7 4. O-O e6 5. d3 Be7 6. e4 d6 7. a4 b4 8. a5 Na6 9. Nbd2 O-O 10. Re1 Nd7 11. h4 c5 12. e5 d5 13. Nf1 Nab8 14. Bf4 a6 15. c4 bxc3 16. bxc3 Nc6 17. Qa4 Rb8 18. Reb1 Qc7 19. Ne3 Ba8 20. Rxb8 Ndxb8 21. d4 Na7 22. Bg5 Nb5 23. Qc2 h6 24. Bxe7 Qxe7 25. Ng4 Rc8 26. Qd2 Nd7 27. Kh2 Nf8 28. Bf1 Bc6 29. Bd3 Be8 30. h5 Nh7 31. Kg2 cxd4 32. cxd4 f5 33. Ne3 Bxh5 34. Bxb5 Bxf3+ 35. Kxf3 Ng5+ 36. Kg2 axb5 37. a6 Ra8 38. Qc2 Qe8 39. f4 Ne4 40. Qc7 Qh5 41. Ra2 Qg6 42. Nf1 Qf7 43. Qb7 Ra7 44. Qxb5 h5 45. Z0 h4 46. gxh4 Nd2 {Kf3} 1/2-1/2

[Event "German Masters Women 2018"]
[Site "Dresden"]
[Date "2018.08.11"]
[Round "8.2"]
[White "Schleining, Zoya"]
[Black "Sieber, Fiona"]
[Result "0-1"]
[ECO "E15"]
[WhiteElo "2397"]
[BlackElo "2290"]
[Annotator "NA"]
[PlyCount "122"]
[EventDate "2018.08.04"]
[EventType "tourn"]
[EventCountry "GER"]
[SourceTitle "playchess.com"]
[Source "ChessBase"]
[SourceQuality "1"]
[TimeControl "40/5400+30:1800+30"]

1. Nf3 Nf6 2. c4 e6 3. d4 b6 4. g3 Ba6 5. Qc2 Bb7 6. Bg2 c5 7. d5 exd5 8. cxd5 Nxd5 9. O-O Be7 10. Rd1 Nc6 11. Qa4 Nf6 12. Nc3 O-O 13. Bg5 Re8 14. Rd2 h6 15. Bxf6 Bxf6 16. Nd5 Nd4 17. Nxd4 Bxd4 18. e3 Bc6 19. Qc2 Be5 20. Rad1 Rc8 21. b3 Bb8 22. h4 Re6 23. Nc3 Qf6 24. Bd5 Ree8 25. Rd3 Qg6 26. Qe2 Be5 27. Qf3 Qf6 28. Qxf6 Bxf6 29. Nb1 Red8 30. Kf1 Kf8 31. Ke2 Ke7 32. Nd2 g6 33. Nc4 h5 34. a4 Rb8 35. Bxc6 dxc6 36. Rxd8 Rxd8 37. Rxd8 Kxd8 38. a5 Kc7 39. axb6+ axb6 40. Kd3 b5 41. Nd2 Kd7 42. Ne4 Be7 43. f4 Ke6 44. Nf2 f5 45. e4 Bd8 46. Nh3 c4+ 47. bxc4 bxc4+ 48. Ke3 Bb6+ 49. Kf3 c3 50. Ng5+ Kf6 51. e5+ Ke7 52. Ke2 Bf2 53. Kd3 c2 54. Kxc2 Bxg3 55. Nh3 Bxh4 56. Kd3 Ke6 57. Kd4 Be7 58. Kc4 g5 59. fxg5 Kxe5 60. g6 Kf6 61. Nf4 Bd6 0-1

[Event "German Masters Women 2018"]
[Site "Dresden"]
[Date "2018.08.11"]
[Round "8.3"]
[White "Hoolt, Sarah"]
[Black "Schneider, Jana"]
[Result "1-0"]
[ECO "C11"]
[WhiteElo "2357"]
[BlackElo "2179"]
[Annotator "NA"]
[PlyCount "79"]
[EventDate "2018.08.04"]
[EventType "tourn"]
[EventCountry "GER"]
[SourceTitle "playchess.com"]
[Source "ChessBase"]
[SourceQuality "1"]
[TimeControl "40/5400+30:1800+30"]

1. e4 e6 2. d4 d5 3. Nc3 Nf6 4. e5 Nfd7 5. f4 c5 6. Nf3 Nc6 7. Be3 a6 8. Qd2 b5 9. Bd3 Qb6 10. dxc5 Bxc5 11. Bf2 h6 12. O-O Bxf2+ 13. Rxf2 Nc5 14. Ne2 Ne4 15. Bxe4 dxe4 16. Nfd4 Bb7 17. c3 O-O 18. Rd1 Rfd8 19. Ng3 Rd7 20. Qe3 Rad8 21. Rfd2 Na5 22. Nh5 Kh8 23. Qg3 Rg8 24. Qh3 Rc7 25. Re2 b4 26. Re3 bxc3 27. bxc3 Qc5 28. Rg3 Qe7 29. Nf6 Rd8 30. Qg4 Qf8 31. Nh5 g6 32. Nf6 Nc6 33. Rh3 Ne7 34. Qg5 Nf5 35. Ng4 Kh7 36. Nxh6 Nxh6 37. Rxh6+ Qxh6 38. Qxd8 Rxc3 39. Nxe6 Qh5 40. Ng5+ 1-0

[Event "German Masters Women 2018"]
[Site "Dresden"]
[Date "2018.08.11"]
[Round "8.4"]
[White "Klek, Hanna Marie"]
[Black "Osmanodja, Filiz"]
[Result "1/2-1/2"]
[ECO "A84"]
[WhiteElo "2268"]
[BlackElo "2350"]
[Annotator "NA"]
[PlyCount "108"]
[EventDate "2018.08.04"]
[EventType "tourn"]
[EventCountry "GER"]
[SourceTitle "playchess.com"]
[Source "ChessBase"]
[SourceQuality "1"]
[TimeControl "40/5400+30:1800+30"]

1. d4 Nf6 2. Nf3 d5 3. e3 e6 4. Bd3 Bd6 5. O-O O-O 6. b3 Ne4 7. c4 c6 8. Qc2 f5 9. Ba3 Bxa3 10. Nxa3 Qd6 11. Nb1 Nd7 12. Nbd2 Rf6 13. Rfd1 Rh6 14. Nf1 Qe7 15. a3 g5 16. b4 g4 17. Ne1 a6 18. Rdc1 Ndf6 19. Be2 Bd7 20. Nd3 Be8 21. a4 Nd6 22. Nc5 b6 23. Nb3 dxc4 24. Bxc4 Nxc4 25. Qxc4 Nd5 26. a5 b5 27. Qe2 Nxb4 28. e4 fxe4 29. Qxg4+ Bg6 30. Nc5 Nd3 31. Nxd3 exd3 32. Rxc6 Rh4 33. Qg3 Rxd4 34. Nd2 Qf6 35. Rd1 Ra4 36. Re1 Ra1 37. Qe3 Rxe1+ 38. Qxe1 Bf5 39. h3 h5 40. Qe3 h4 41. Nf3 Kh8 42. Kh2 Kg8 43. Rd6 b4 44. Rb6 Qe7 45. Qf4 Rd8 46. Rxb4 Qd6 47. Ne5 Qxb4 48. Qxb4 d2 49. Qxh4 d1=Q 50. Qg5+ Kh7 51. Qe7+ Kg8 52. Qf7+ Kh8 53. Qf6+ Kg8 54. Qf7+ Kh8 1/2-1/2

[Event "German Masters Women 2018"]
[Site "Dresden"]
[Date "2018.08.11"]
[Round "8.5"]
[White "Lubbe, Melanie"]
[Black "Heinemann, Josefine"]
[Result "1-0"]
[ECO "C54"]
[WhiteElo "2338"]
[BlackElo "2261"]
[Annotator "NA"]
[PlyCount "81"]
[EventDate "2018.08.04"]
[EventType "tourn"]
[EventCountry "GER"]
[SourceTitle "playchess.com"]
[Source "ChessBase"]
[SourceQuality "1"]
[TimeControl "40/5400+30:1800+30"]

1. e4 e5 2. Nf3 Nc6 3. Bc4 Bc5 4. c3 Nf6 5. d3 a6 6. O-O d6 7. a4 h6 8. b4 Bb6 9. Be3 Bxe3 10. fxe3 O-O 11. Qe1 d5 12. exd5 Nxd5 13. Nbd2 Nb6 14. b5 Nxc4 15. dxc4 Na5 16. Nxe5 Be6 17. Rd1 Qd6 18. Qg3 Rad8 19. c5 Qxc5 20. Ne4 Qe7 21. Nf6+ Kh8 22. Nh5 Rg8 23. Nf4 Bf5 24. Nd5 Qe6 25. Nxc7 Rxd1 26. Nxe6 Rxf1+ 27. Kxf1 Bxe6 28. Qf4 axb5 29. axb5 Rc8 30. Qb4 Nc4 31. Nxc4 Rxc4 32. Qe7 Rxc3 33. Qxb7 Rxe3 34. b6 Rc3 35. Qa8+ Kh7 36. Qe4+ g6 37. b7 Rb3 38. Qc6 Bc4+ 39. Kf2 Rb2+ 40. Ke3 Bf1 41. Qc7 1-0